 Dungeon Crawl Stone Soup version 0.17-a0-1510-gb3fb22e (webtiles) character file.

800 urechis the Skirmisher (level 7, -4/48 HPs)
             Began as a Gargoyle Fighter on July 11, 2015.
             Slain by an ice beast (13 damage)
             ... on level 5 of the Dungeon.
             The game lasted 00:03:56 (3053 turns).

urechis the Skirmisher (Gargoyle Fighter)           Turns: 3053, Time: 00:03:57

Health: -4/48      AC: 12    Str: 22    XL:     7   Next: 90%
Magic:  7/7        EV:  7    Int:  8    God:
Gold:   83         SH:  9    Dex:  9    Spells: 0 memorised, 6 levels left

rFire  + . .     SeeInvis .     a - +0 flail
rCold  x . .     Clarity  +     b - +0 scale mail
rNeg   + . .     SustAt   .     c - +0 shield
rPois  ∞         Gourm    .     (no helmet)
rElec  +         Spirit   .     (no cloak)
rCorr  .         Warding  .     (no gloves)
rMut   .         Stasis   .     j - +0 pair of boots
MR     .....                    p - amulet of clarity
Stlth  ..........               (no ring)
                                w - ring of fire

@: not resistant to hostile enchantments, extremely unstealthy
A: negative energy resistance 1, electricity resistance, unbreathing,
petrification resistance, rot immunity, AC +4
a: no special abilities


You were on level 5 of the Dungeon.
You were not hungry.

You visited 1 branch of the dungeon, and saw 5 of its levels.

You collected 83 gold pieces.

Inventory:

Hand weapons
 a - a +0 flail (weapon)
Armour
 b - a +0 scale mail (worn)
 c - a +0 shield (worn)
 j - a +0 pair of boots (worn)
Jewellery
 p - an amulet of clarity (around neck)
 w - a ring of fire (left hand)
Scrolls
 f - 2 scrolls of noise {unknown}
 g - 2 scrolls of magic mapping {unknown}
 i - a scroll of fog {unknown}
 k - 3 scrolls of remove curse {unknown}
 l - 5 scrolls of identify {unknown}
 n - a scroll of amnesia {unknown}
 q - a scroll of enchant armour {unknown}
 r - a scroll of fear {unknown}
 s - a scroll of teleportation {unknown}
 t - a scroll of immolation {unknown}
 u - a scroll of recharging {unknown}
Potions
 d - a potion of might
 h - 2 potions of haste {unknown}
 m - a potion of berserk rage {unknown}
 o - 3 potions of poison {unknown}
 v - a potion of heal wounds {unknown}
Books
 y - a book of Callings

   Spells                             Type                      Level
   a - Summon Small Mammal            Summoning                    1
   b - Call Imp                       Summoning                    2
   c - Call Canine Familiar           Summoning                    3
   d - Summon Guardian Golem          Hexes/Summoning              3
   e - Summon Lightning Spire         Summoning/Air                4
   f - Summon Ice Beast               Ice/Summoning                4
Comestibles
 e - a bread ration
 x - 2 meat rations
 z - a chunk of flesh


   Skills:
 + Level 7.3 Fighting
 + Level 6.3 Maces & Flails
 - Level 3.2 Armour
 - Level 3.2 Shields


You had 6 spell levels left.
You didn't know any spells.

Dungeon Overview and Level Annotations

Branches:
Dungeon (5/15)
 Temple: D:4-7

Altars:
Fedhas
Gozag
Makhleb
Nemelex Xobeh
The Shining One


Innate Abilities, Weirdness & Mutations

You are resistant to torment.
Your stone body is resilient (AC +4).
You are immune to poison.
You resist negative energy.
You are resistant to electric shocks.
You can survive without breathing.
You are immune to petrification.
You are immune to rotting.


Message History

Your Maces & Flails skill increases to level 6!
You block the bat's attack. The bat closely misses you.
You miss the bat. The bat barely misses you.
You closely miss the bat. The bat hits you but does no damage.
The ice beast hits you but does no damage.
You hit the ice beast.
The ice beast is lightly wounded.
The bat hits you but does no damage.
The ice beast hits you but does no damage.
You hit the ice beast.
The ice beast is moderately wounded.
The bat barely misses you. The ice beast hits you. The ice beast freezes you!
You feel a terrible chill!
* * * LOW HITPOINT WARNING * * *
You sock the ice beast!
The ice beast is severely wounded.
The bat hits you but does no damage. The ice beast hits you.
* * * LOW HITPOINT WARNING * * *
The ice beast freezes you!
You feel a terrible chill!
You die...

#...........
#..........
#..........
###+##.........
..............##+####
..)...........#.....#
..............'>....#
..............#.Y.b.#
..............#.@...#
..(...........#.%...#
###+######+####.....#
.....#...§..........#
.....#..............#
.....'..............#
.....#..............#
#####################


You could see an ice beast and a bat.

Vanquished Creatures
  The ghost of urechis the Covert, an experienced KoBe of Trog (D:5)
  Grinder (D:5)
  An ogre (D:5)
  2 scorpions (D:4)
  A hound (D:5)
  8 adders
  3 worms
  An adder skeleton (D:4)
  2 giant geckos
  A ball python (D:1)
  A bat skeleton (D:4)
  3 giant cockroaches (D:4)
  6 goblins
  7 hobgoblins
  4 jackals (D:4)
  2 quokkas (D:4)
  9 bats
  7 giant newts
  6 kobolds
  9 rats
75 creatures vanquished.

Notes
Turn   | Place    | Note
--------------------------------------------------------------
     0 | D:1      | urechis the Gargoyle Fighter began the quest for the Orb.
     0 | D:1      | Reached XP level 1. HP: 14/14 MP: 1/1
   160 | D:1      | Reached XP level 2. HP: 14/19 MP: 2/2
   863 | D:2      | Reached XP level 3. HP: 22/24 MP: 3/3
   864 | D:2      | Reached skill level 4 in Fighting
   916 | D:2      | Found a burning altar of Makhleb.
   968 | D:2      | Found a sparkling altar of Nemelex Xobeh.
  1298 | D:2      | Found an opulent altar of Gozag.
  1569 | D:3      | Found a blossoming altar of Fedhas.
  1627 | D:3      | Reached XP level 4. HP: 21/30 MP: 4/4
  1755 | D:3      | Found a glowing golden altar of the Shining One.
  2097 | D:4      | Reached XP level 5. HP: 34/34 MP: 5/5
  2167 | D:4      | Reached skill level 5 in Fighting
  2497 | D:4      | Reached XP level 6. HP: 24/40 MP: 6/6
  2774 | D:5      | Entered Level 5 of the Dungeon
  2792 | D:5      | Noticed urechis's ghost (experienced KoBe)
  2847 | D:5      | Killed urechis's ghost
  2847 | D:5      | Reached skill level 6 in Fighting
  2847 | D:5      | Reached skill level 5 in Maces & Flails
  2847 | D:5      | Reached XP level 7. HP: 14/47 MP: 7/7
  2995 | D:5      | Noticed Grinder
  3001 | D:5      | Paralysed by Grinder for 2 turns
  3048 | D:5      | Killed Grinder
  3048 | D:5      | Reached skill level 7 in Fighting
  3053 | D:5      | Slain by an ice beast

Vault maps used:
D:1:      dpeg_arrival_circle_labyrinth_c, st_stairs_13, serial_park_tiny_pond
D:2:      grunt_gozag_statues, nicolae_overflow_crystal_walls,
          old_standard_altar, kennysheep_generic_room_10
D:3:      overflow_temple_1_default, lemuel_doored_altar
D:5:      first_bread, uniq_grinder, uniq_prince_ribbit1, uniq_sigmund

Action                   |  1- 3 |  4- 6 |  7- 9 || total
-------------------------+-------+-------+-------++-------
Melee: Flail             |   145 |   177 |    27 ||   349
  Eat: Chunk             |     2 |     3 |     1 ||     6
       Beef jerky        |       |     1 |       ||     1
